← All builds
Front / Armada / Economy first / OBSERVED BUILD

Standard front

Armada Front build order · Supreme Isthmus

Standard economy-first Front play: Bot Lab and Vehicle Plant up immediately, units trickle to the coast and middle, with an Advanced Metal Extractor around 9:00 as the eco transition.

#eco · 1699 distinct matches · 247 players · 74% of Armada Front games · team won 61% of 1993 · Recently observed

HOW TO PLAY IT

Key timing: T2 constructor by 7:43

  1. Open mex and wind, drop Bot Lab and Vehicle Plant almost immediately.
  2. Pump Blitz, Rocketeer and Pawn to the coast to stop leaks first.
  3. Add Centurion and Janus once first units are moving up.
  4. Form units into a line pushing toward middle as numbers grow.
  5. Upgrade to Advanced Metal Extractor as the economy transition kicks in.

Phase by phase

TYPICAL OF ITS 1699 GAMES
  1. 1
  2. 2
  3. 3
PLAY THE OPENING

Follow the example game's first 6:00 step by step: what to build now, what comes next, and where it goes. At 1× it keeps pace with your own game.

  1. 1

    Up to the Bot Lab

    Economy
    • Metal Extractor2Mex
    Order
    1. Bot LabBot Lab after 2 mex, 1 winddone ~0:44, middle half 0:33–0:54

    Some games also: wind (48%) · Vehicle Plant (35%)

    By 0:28 in all: 2 mex

    The example game in this phase · 3 steps
    1. Mex ×2
    2. Solar
    3. Vehicle PlantVehicle Plantdone 0:46 · typical 0:47
  2. 2

    Bot Lab to 5:00

    Economy
    • Metal Extractor4Mex
    • Wind Turbine3Wind
    Builders
    • Construction Bot1 Con bot
    Army
    • Sentry1 Sentry
    • Rocketeer6 Rocketeer

    Some games also: Lazarus (49%) · tick (46%) · centurion (40%) · con vehicle (32%) · janus (32%)

    By 5:00 in all: 6 mex · 6 wind

    The example game in this phase · 30 steps
    1. RoverScout
    2. Wind
    3. RoverScout
    4. Mex
    5. Construction VehicleCon vehicle
    6. BlitzBlitz ×2
    7. RoverScout
    8. Mex
    9. RoverScout ×3
    10. BlitzBlitz
    11. Mex
    12. Construction VehicleCon vehicle
    13. JanusJanus
    14. Mex
    15. JanusJanus
    16. SentrySentry ×2
    17. JanusJanus
    18. SentrySentry
    19. WhistlerMissile truck
    20. Construction VehicleCon vehicle
    21. JanusJanus
    22. SentrySentry
    23. JanusJanus
    24. SentrySentry
    25. JanusJanus
    26. BlitzBlitz ×8
    27. Dragon's TeethDragon's Teeth ×2
    28. BlitzBlitz
    29. Dragon's TeethDragon's Teeth
    30. BlitzBlitz
  3. 3

    5:00 to 10:00

    Economy
    • Metal Extractor1Mex
    • Wind Turbine14Wind
    Builders
    • Construction Turret2 Con turret
    Army
    • Sentry1 Sentry

    Some games also: rocketeer (46%) · energy storage (43%) · Lazarus (38%) · con bot (37%) · Radar Tower (36%)

    By 10:00 in all: 7 mex · 24 wind · 1 energy storage · 3 con turret

    The example game in this phase · 35 steps
    1. ShellshockerArty ×5
    2. BlitzBlitz ×9
    3. Wind
    4. BlitzBlitz
    5. Wind ×2
    6. BlitzBlitz
    7. Wind
    8. BlitzBlitz ×17
    9. Construction VehicleCon vehicle
    10. BlitzBlitz ×6
    11. GroundhogGroundhog
    12. BlitzBlitz ×5
    13. NettleNettle
    14. Heavy MineHeavy Mine
    15. Advanced Metal ExtractorT2 mexdone 11:39 · typical 9:01
    16. BlitzBlitz
    17. Medium MineMedium Mine ×2
    18. Advanced Metal ExtractorT2 mex
    19. Solar
    20. BlitzBlitz ×4
    21. Medium MineMedium Mine
    22. Advanced Metal ExtractorT2 mex
    23. Medium MineMedium Mine
    24. Wind ×2
    25. Medium MineMedium Mine
    26. Wind
    27. BlitzBlitz
    28. Wind ×2
    29. Heavy MineHeavy Mine
    30. BeamerBeamer ×2
    31. BlitzBlitz
    32. SentrySentry
    33. BlitzBlitz ×10
    34. Con turret
    35. BlitzBlitz

Counts are medians over the build's games: half of them build more, half fewer. The example game is Call_Me_Sir's (33 OS, 18/09/2026); pick another.

Team trades

IN AT LEAST 30% OF ITS GAMES

You hand over

Nothing regular.

You get

  • Tidal Generator4 Tidal from Pondfirst at 0:17 · in 68% of games
  • Advanced Construction Bot1 T2 con bot from Geo or Techfirst at 7:23 · in 64% of games

How it plays out

Typical game of this build, running totals by minute

Metal produced

010k20k30k
0:005:0010:0015:00

metal

Enemy metal destroyed

05k10k
0:005:0010:0015:00

metal

Own metal lost

05k10k
0:005:0010:0015:00

metal

1993 games.

Show as table
ByMetal produced: This buildEnemy metal destroyed: This buildOwn metal lost: This build
1:0033300
2:008402131
3:001618135108
4:002699522333
5:0038471127787
6:00503519231427
7:00624927142302
8:00753435443173
9:00897343264069
10:001053850054807
11:001237355335547
12:001452759766408
13:001685764686999
14:001922071637826
15:002185478688687
WHAT THE NUMBERS SAY

Standard Front play wins more often than Suicide front and produces more metal by 15:00 while losing less of it.

  • + Metal produced reaches 22627 by 15:00, well above Suicide front's 20142.
  • + Own metal lost is 8944 by 15:00, lower than enemy metal destroyed ratio of Suicide front.
  • − First unit lost already at 1:43, showing exposure despite the safer position.
  • − Blitz dominates army share at 25%, leaving fewer Centurion for anti-swarm.
THE EXAMPLE YOU ARE READING

Call_Me_Sir

32.9 OS · 18/09/2026

Open source match ↗

5 received units · includes a constructor
784 metal received · 21576 energy received

Allied construction assistance is unknown. Timings are observations, not a promise of solo reproducibility.

Typical milestones

Bot Lab0:44Middle 50%: 0:33–0:54 · n=1331
Vehicle Plant0:47Middle 50%: 0:41–1:14 · n=1285
Advanced Metal Extractor9:01Middle 50%: 8:09–10:15 · n=1563

Played most by

haaven107games of this buildHummell107games of this buildLeohvm93games of this buildTheGeneraI75games of this buildXad69games of this build
Standard front · Armada Front build order · BAR Build Atlas